 Dungeon Crawl Stone Soup version 0.22.0 (webtiles) character file.

145 Blackhawk the Skirmisher (level 5, -2/33 HPs)
             Began as a Kobold Berserker on Oct 28, 2018.
             Was a Believer of Trog.
             Slain by a gnoll
             ... wielding a +1 halberd of protection
              (5 damage)
             ... on level 3 of the Dungeon.
             The game lasted 00:06:14 (3568 turns).

Blackhawk the Skirmisher (Kobold Berserker)         Turns: 3568, Time: 00:06:14

Health: -2/33      AC:  3    Str: 15    XL:     5   Next: 53%
Magic:  5/5        EV: 16    Int:  9    God:    Trog [**....]
Gold:   104        SH:  0    Dex: 14    Spells: 4/4 levels left

rFire    . . .     SeeInvis .   a - +0 mace
rCold    . . .     Gourm    .   (shield restricted)
rNeg     . . .     Faith    .   b - +0 animal skin
rPois    .         Spirit   .   (no helmet)
rElec    .         Reflect  .   (no cloak)
rCorr    .         Harm     .   (no gloves)
MR       .....                  r - +0 pair of boots
Stlth    ++........             (no amulet)
HPRegen  0.11/turn              (no ring)
MPRegen  0.09/turn              (no ring)

@: berserk cooldown
A: small, carnivore
a: Berserk, Trog's Hand, Renounce Religion


You were on level 3 of the Dungeon.
You worshipped Trog.
Trog was pleased with you.
You were full.

You visited 1 branch of the dungeon, and saw 3 of its levels.

You collected 104 gold pieces.

Inventory:

Hand Weapons
 a - a +0 mace (weapon)
 e - a +0 hunting sling
Missiles
 h - 52 stones (quivered)
Armour
 b - a +0 animal skin (worn)
 r - a +0 pair of boots (worn)
Wands
 m - a wand of scattershot (7)
Scrolls
 d - a scroll of fog {unknown}
 i - a scroll of magic mapping {unknown}
 l - a scroll of enchant weapon {unknown}
 n - a scroll of noise {unknown}
 o - a scroll of identify {unknown}
 q - a scroll of teleportation {unknown}
Potions
 f - a potion of agility {unknown}
 g - a potion of lignification {unknown}
 j - a potion of haste {unknown}
 k - 2 potions of curing {unknown}
 p - 2 potions of heal wounds {unknown}
Comestibles
 c - 5 rations


   Skills:
 + Level 4.2 Fighting
 + Level 3.4 Maces & Flails
 - Level 1.8 Armour
 + Level 3.8 Dodging
 + Level 2.8 Stealth


You had 4 spell levels left.
You didn't know any spells.
Your spell library was empty.

Dungeon Overview and Level Annotations

Branches:
Dungeon (3/15)

Altars:
Fedhas


Innate Abilities, Weirdness & Mutations

You are small and have problems with some larger weapons.
You are carnivorous and can eat meat at any time.


Message History

You kill the gnoll!
Trog accepts your kill. The gnoll completely misses you.
The gnoll closely misses you. The gnoll barely misses you.
Things that are here:
a club; a gnoll corpse The gnoll completely misses you.
You see here a spear.
The gnoll closely misses you. The gnoll barely misses you.
You see here a throwing net.
The gnoll completely misses you. The gnoll closely misses you.
The gnoll hits you from afar with a halberd of protection.
* * * LOW HITPOINT WARNING * * *
The gnoll barely misses you. The gnoll misses you.
You feel yourself speed up.
The gnoll hits you from afar with a halberd of protection.
You die...

.................#.#.#.#####
#.###)#.....##...........#
#.....).....###.##.###.#.#
#####.#####.# #........#
#)....#.# #.##.#####
...#####....#.# #.##...
............#)# #.##....#
...#####.##.#)###g.#....#
#.##....@...#....#
#..#.............#
#..#.......#.....#
##.#.......#......
#.#.......#......
#.#.#.###.#...... #.#.#.#
#.# ..... ####.#.#.. ..
#....#


You could see a gnoll.

Vanquished Creatures
  A worker ant (D:3)
  3 gnolls (D:3)
  2 adders (D:2)
  A worm (D:2)
  An adder skeleton (D:3)
  2 leopard geckos
  An orc (D:3)
  A giant cockroach (D:3)
  7 hobgoblins
  7 jackals
  7 bats
  2 frilled lizards
  6 goblins
  14 kobolds
  7 rats
62 creatures vanquished.

Notes
Turn   | Place    | Note
-------+----------+-------------------------------------------
     0 | D:1      | Blackhawk the Kobold Berserker began the quest for the Orb.
     0 | D:1      | Reached XP level 1. HP: 14/14 MP: 1/1
   113 | D:1      | Reached XP level 2. HP: 11/19 MP: 2/2
   548 | D:1      | Reached XP level 3. HP: 16/23 MP: 3/3
   942 | D:1      | Reached skill level 1 in Stealth
  1400 | D:2      | Reached ** piety under Trog
  1835 | D:2      | Reached XP level 4. HP: 29/29 MP: 4/4
  2289 | D:2      | Found a blossoming altar of Fedhas.
  2588 | D:3      | Reached skill level 4 in Fighting
  2903 | D:2      | Reached XP level 5. HP: 26/33 MP: 5/5
  3568 | D:3      | Slain by a gnoll

Skill      XL: |  1  2  3  4 |
---------------+-------------+-----
Maces & Flails | 3 |  3.4
Dodging        | 3 |  3.8
Stealth        | 1 2 |  2.8
Fighting       | 4 |  4.2
Armour         | |  1.8

Action                   |  1- 3 |  4- 6 || total
-------------------------+-------+-------++-------
Melee: Mace              |   103 |   105 ||   208
Invok: Berserk           |     1 |     4 ||     5
 Stab: Sleeping          |     1 |     1 ||     2
  Eat: Chunk             |    11 |     7 ||    18
Armor: Animal skin       |    13 |    18 ||    31
Dodge: Dodged            |    89 |   142 ||   231
